 Dungeon Crawl Stone Soup version 0.28.0-45-g0d030f2227 (webtiles) character file.

Game seed: 792512152008277282

99 zeratav the Insei (level 4, 0/30 HPs)
             Began as an Octopode Transmuter on Apr 6, 2022.
             Slain by Grinder (6 damage)
             ... while paralysed by Grinder
             ... on level 3 of the Dungeon.
             The game lasted 00:04:40 (2836 turns).

zeratav the Insei (Octopode Transmuter)             Turns: 2836, Time: 00:04:40

Health: 0/30       AC:  1    Str: 11    XL:     4   Next: 72%
Magic:  7/7        EV:  2    Int: 15    God:
Gold:   81         SH:  0    Dex: 12    Spells: 6/7 levels left

rFire   + . .      SeeInvis .   l - +2 dagger (speed)
rCold   + . .      Faith    .   (no shield)
rNeg    . . .      Spirit   .   (helmet currently unavailable)
rPois   .          Reflect  .   (no amulet)
rElec   .          Harm     .   j - ring of protection from cold
rCorr   .          Rampage  .   m - ring of protection from fire
Will    .....                   (no ring)
Stlth   ++........              (no ring)
HPRegen 0.10/turn               (no ring)
MPRegen 0.10/turn               (no ring)
                                (no ring)
                                (no ring)

@: paralysed, appendages (expiring)
A: tentacle spike 3, almost no armour, amphibious, 8 rings, camouflage 1,
gelatinous body 1, (nimble swimmer 1), tentacles
a: End Transformation


You were on level 3 of the Dungeon.
One of your tentacles had grown a beastly spike.
You visited 1 branch of the dungeon, and saw 3 of its levels.

You collected 81 gold pieces.

Inventory:

Hand Weapons
 l - a +2 dagger of speed (weapon)
Missiles
 d - 6 javelins
Jewellery
 b - a ring of ice
 j - a ring of protection from cold (left tentacle)
 m - a ring of protection from fire (right tentacle)
Wands
 g - a wand of mindburst (7)
Scrolls
 a - 4 scrolls of identify {unknown}
 c - a scroll of holy word {unknown}
 h - a scroll of acquirement {unknown}
 i - a scroll of immolation {unknown}
Potions
 e - 3 potions of curing {unknown}
 f - a potion of haste {unknown}
 k - a potion of might {unknown}


   Skills:
 * Level 2.6 Fighting
 + Level 2.6 Dodging
 * Level 3.9 Unarmed Combat
 - Level 2.0 Spellcasting
 + Level 2.6 Transmutations


You had 6 spell levels left.
You knew the following spells:

 Your Spells              Type           Power      Damage    Failure   Level
a - Beastly Appendage     Tmut           18%        N/A       8%          1

Your spell library contained the following spells:

 Spells                   Type           Power      Damage    Failure   Level
 Wereblood                Tmut           9%         N/A       12%         2
 Apportation              Tloc           2%         N/A       22%         1
 Spider Form              Tmut/Pois      5%         N/A       36%         3
 Ice Form                 Ice/Tmut       5%         N/A       78%         4
 Alistair's Intoxication  Tmut/Pois      3%         N/A       98%         5
 Chain Lightning          Conj/Air       0%         2d1       100%        9
 Fire Storm               Conj/Fire      0%         6d1       100%        9
 Shatter                  Erth           0%         3d5*      100%        9


Dungeon Overview and Level Annotations

Branches:
Dungeon (3/15)

Altars:
Nemelex Xobeh
The Shining One

Annotations:
D:3 Grinder


Innate Abilities, Weirdness & Mutations

One of your tentacles has grown a beastly spike.
You cannot wear most types of armour.
You are amphibious.
You can wear up to eight rings at the same time.
Your skin changes colour to match your surroundings (Stealth+).
Your rubbery body absorbs attacks. (AC +1, EV +1)
((You are camouflaged when in or above water. (Stealth+)))
You have tentacles for arms and can constrict up to eight enemies at once.


Message History

A goblin comes into view. It is wielding a +0 dagger.
Aiming: Mindburst
Press: ? - help, Q - select action, (/) - cycle Shift-Dir - straight line, f - Grinder
Aim: Grinder (wandering, hasn't noticed you, chance to affect: 64%) Grinder shouts!
Grinder's mind is blasted!!
The goblin shouts!
You hear a shout!
You hear an angry hiss.
You hear a shout!
The goblin unwields a +0 dagger.
The goblin wields a +0 hunting sling.
The goblin shoots a stone.
The stone hits you.
You hear a shout! x2
Aiming: Mindburst
Press: ? - help, Shift-Dir - straight line, f/p - Grinder
Aim: Grinder (heavily wounded, chance to affect: 64%) Grinder struggles to resist.
Your transformation is almost over.
The goblin shoots a stone.
The stone misses you.
Aiming: Mindburst
Press: ? - help, Shift-Dir - straight line, f/p - Grinder
Aim: Grinder (heavily wounded, chance to affect: 64%) Grinder struggles to resist.
You hear a shout!
The goblin shoots a stone.
The stone hits you. Grinder gestures at you. Pain shoots through your body!
You hit Grinder. You grab Grinder.
Your tentacle spike misses Grinder.
You squeeze Grinder.
Grinder is heavily wounded.
You constrict Grinder, but do no damage.
You hit Grinder.
Your tentacle spike misses Grinder.
Grinder is heavily wounded.
You constrict Grinder.
A hobgoblin comes into view.
Grinder gestures at you.
You suddenly lose the ability to move!
You lose your grip on Grinder.
Grinder hits you!
* * * LOW HITPOINT WARNING * * *
The goblin shoots a stone.
The stone hits you but does no damage. Grinder hits you.
You die...

##### ####...##
......#.#######
..#.#.........#
#.#.#.#.#####.#
### #......##
#### ..#
#.###.## #gg.#
#.# #...[##
#g.##.# #.####
#@..# #.#
#5#).# #.######
..###.#
..##...###
####...#
####.....#
#.####
..##..#..# #.##
#.##.....# #..#
#.##.....# ##.#
.....#.### #.#


You could see Grinder, a hobgoblin and 2 goblins.

Vanquished Creatures
  2 adders (D:2)
  2 worms (D:2)
  A dart slug (D:2)
  5 orcs (D:3)
  7 ball pythons
  4 endoplasms
  6 giant cockroaches
  8 hobgoblins
  6 kobolds
  2 quokkas
  5 bats
  2 frilled lizards
  10 goblins
  2 rats (D:1)
62 creatures vanquished.

Notes
Turn   | Place    | Note
-------+----------+-------------------------------------------
     0 | D:1      | zeratav the Octopode Transmuter began the quest for the
                  | Orb.
     0 | D:1      | Reached XP level 1. HP: 13/13 MP: 3/3
   271 | D:1      | Reached XP level 2. HP: 13/18 MP: 3/5
   660 | D:1      | Reached XP level 3. HP: 24/24 MP: 6/6
  1396 | D:2      | Found a faded altar of an unknown god.
  1421 | D:2      | Reached XP level 4. HP: 21/29 MP: 5/7
  1623 | D:2      | Found a sparkling altar of Nemelex Xobeh.
  2090 | D:2      | You fall into a shaft and drop 1 floor!
  2440 | D:3      | Found a glowing golden altar of the Shining One.
  2822 | D:3      | Noticed Grinder
  2834 | D:3      | Paralysed by Grinder for 7 turns
  2836 | D:3      | Slain by Grinder

Illustrated notes

Levels and vault maps discovered:
D:1:      lemuel_arrival_room, layout_basic
D:2:      layout_basic, hellmonk_ecumenical_altar_lost_god, basic_altar
D:3:      layout_loops_cross, marbit_many_paths, tso_altar,
          mainiacjoe_overflow_alcove_2, uniq_robin, uniq_natasha, uniq_grinder

Skill      XL: |  1  2  3 |
---------------+----------+-----
Fighting       | 2 |  2.6
Dodging        | |  2.6
Unarmed Combat | |  3.9
Spellcasting   | |  2.0
Transmutations | |  2.6

Action                   |  1- 3 |  4- 6 || total
-------------------------+-------+-------++-------
Melee: Unarmed           |    63 |    20 ||    83
       Kick              |    23 |    10 ||    33
       Constrict         |    19 |    17 ||    36
       Tentacles         |    11 |    12 ||    23
       Punch             |     2 |     2 ||     4
       Dagger            |       |    31 ||    31
 Cast: Beastly Appendage |    21 |    18 ||    39
Evoke: Wand              |       |     3 ||     3
 Stab: Sleeping          |     3 |     1 ||     4
Armor: Skin              |     4 |     5 ||     9
Dodge: Dodged            |    29 |    17 ||    46
